 Dungeon Crawl Stone Soup version 0.27-a0-951-gae3e1deef5 (webtiles) character file.

Game seed: 17882077803447481160

8 Alarkh the Insei (level 2, 21/21 HPs)
             Began as a Demonspawn Transmuter on Apr 11, 2021.
             Got out of the dungeon alive.
             The game lasted 00:00:31 (256 turns).

Alarkh the Insei (Demonspawn Transmuter)             Turns: 256, Time: 00:00:32

Health: 21/21      AC:  2    Str: 10    XL:     2   Next: 0%
Magic:  5/5        EV: 11    Int: 14    God:
Gold:   18         SH:  3    Dex: 13    Spells: 4/5 levels left

rFire    . . .     SeeInvis .     - Unarmed
rCold    . . .     Faith    .   b - +0 buckler
rNeg     . . .     Spirit   .   a - +0 robe
rPois    .         Reflect  .   (no helmet)
rElec    .         Harm     .   (no cloak)
rCorr    .         Rampage  .   (no gloves)
Will     .....                  (no boots)
Stlth    +.........             (no amulet)
HPRegen  0.07/turn              (no ring)
MPRegen  0.09/turn              (no ring)

@: no status effects
A: hooves 1
a: no special abilities


You escaped.
You visited 1 branch of the dungeon, and saw 1 of its levels.

You collected 18 gold pieces.

Inventory:

Armour
 a - a +0 robe (worn)
 b - a +0 buckler (worn)
Scrolls
 c - a scroll of silence {unknown}


   Skills:
 + Level 1.2 Fighting
 - Level 1.7 Dodging
 + Level 0.3 Shields
 * Level 2.9 Unarmed Combat
 + Level 2.0 Spellcasting
 + Level 1.9 Transmutations


You had 4 spell levels left.
You knew the following spells:

 Your Spells              Type           Power      Damage    Failure   Level
a - Beastly Appendage     Tmut           12%        N/A       17%         1

Your spell library contained the following spells:

 Spells                   Type           Power      Damage    Failure   Level
 Wereblood                Tmut           6%         N/A       26%         2
 Spider Form              Tmut/Pois      2%         N/A       61%         3
 Ice Form                 Ice/Tmut       4%         N/A       95%         4
 Hydra Form               Tmut           3%         N/A       99%         5


Dungeon Overview and Level Annotations

Branches:
Dungeon (1/15)

Altars:


Innate Abilities, Weirdness & Mutations

You have large cloven feet.


Message History

The ball python hisses angrily.
The kobold barely misses you.
You closely miss the kobold. You block the kobold's attack.
You hit the kobold. Your headbutt misses the kobold.
The kobold is moderately wounded.
The kobold misses you.
You hit the kobold.
You kill the kobold!
No target in view!
You see here a +0 short sword.
Your horns disappear.
Your talons disappear.
An endoplasm comes into view.
An endoplasm is nearby!
An endoplasm is nearby!
Casting: Beastly Appendage (safe; 17% risk of failure)
Confirm with . or Enter, or press ? or * to list all spells.
You miscast Beastly Appendage.
You are very lightly contaminated with residual magic.
Nothing appears to happen.
The endoplasm quivers.
A ball python comes into view.
You hit the endoplasm but do no damage. You block the endoplasm's attack.
You hit the endoplasm.
The endoplasm is heavily wounded.
You block the endoplasm's attack.
You hit the endoplasm.
You kill the endoplasm!
Your magical contamination has completely faded away.
You have reached level 2!
Your demonic ancestry asserts itself...
Your feet thicken and deform.
No reachable target in view!
A ball python is nearby!
A ball python is nearby!
A ball python is nearby!
Unknown command.
You see here a +0 whip.
There is a staircase leading out of the dungeon here.
Are you sure you want to leave the Dungeon?
This will make you lose the game!
You have escaped!

#..#.#.#
#...÷...÷...#..#.......
...#.#.##
#...........#..#.######
..#..#..# #.8..8.8..8.#.......#
.....#..# #...........##.#....#
.)....### #...........##.###..#
#.....# #...........#.>.....#
#.....#####...........#.#####.#
#.........#...........#.# ..
#.....###.......@.......# ###
#.....# ###...........###
#.....# #...........# #...(.#
#...........# ......#
#........^..# .......
#...........# .......
#.8..8.8..8.# #...........#


There were no monsters in sight!

Vanquished Creatures
  A ball python (D:1)
  An endoplasm (D:1)
  A goblin (D:1)
  4 kobolds (D:1)
7 creatures vanquished.

Notes
Turn   | Place    | Note
-------+----------+-------------------------------------------
     0 | D:1      | Alarkh the Demonspawn Transmuter began the quest for the
                  | Orb.
     0 | D:1      | Reached XP level 1. HP: 15/15 MP: 3/3
   211 | D:1      | Gained mutation: You have large cloven feet. [demonic
                  | ancestry]
   211 | D:1      | Reached XP level 2. HP: 21/21 MP: 3/5
   256 | D:$      | Got out of the dungeon alive.

Illustrated notes

Levels and vault maps discovered:
D:1:      giann_forest_graveyard, layout_basic, serial_co_window_serial,
          co_window_of_opportunity_a, co_window_of_opportunity_a,
          co_window_paths_a, co_window_paths_a, co_window_paths_a,
          co_window_unsneaky_path_c, co_window_corner_cb, co_window_cross_4,
          co_window_of_opportunity_b, co_window_of_opportunity_c,
          co_window_corner_ca, co_window_cross_2, glass_columns_a,
          glass_columns_a

Action                   || total
-------------------------++-------
Melee: Unarmed           ||    14
       Kick              ||     2
 Cast: Beastly Appendage ||     5
Armor: Robe              ||     2
Dodge: Dodged            ||     6
Block: Buckler           ||     3

Table legend: (Time is in decaauts)
 A = Elapsed time spent in this place.
 B = Non-inter-level travel time spent in this place.
 C = Inter-level travel time spent in this place.
 D = Time resting spent in this place.
 E = Time spent auto-exploring this place.
 F = Levels seen in this place.
 G = Mean time per level.
                   A        B        C        D        E       F      G
               +--------+--------+--------+--------+--------+-----+--------+
         Total |    256 |    188 |     68 |      0 |    125 |   1 |  256.0 |
       Dungeon |    256 |    188 |     68 |      0 |    125 |   1 |  256.0 |
               +--------+--------+--------+--------+--------+-----+--------+

Top non-repeatable levels by time:
     D:1: 256 daAuts
